 Dungeon Sprint DCSS version 0.19.1 (webtiles) character file.

2268 equalderp2856 the Ripper (level 9, -8/45 HPs)
             Began as a Felid Fighter on Nov 28, 2016.
             Was an Elder of Nemelex Xobeh.
             Killed from afar by Harold (24 damage)
             ... with a bolt of fire
             ... in the Dungeon (Sprint IX: "|||||||||||||||||||||||||||||").
             The game lasted 00:07:25 (2644 turns).

equalderp2856 the Ripper (Felid Fighter)            Turns: 2644, Time: 00:07:25

Health: -8/45      AC:  2    Str: 17    XL:     9   Next: 16%
Magic:  12/12      EV: 31    Int: 11    God:    Nemelex Xobeh [****..]
Gold:   34         SH:  0    Dex: 19    Spells: 0 memorised, 8 levels left
                                        Lives:  0   Deaths: 3

rFire  . . .     SeeInvis +       - Unarmed
rCold  . . .     Gourm    .     (armour unavailable)
rNeg   . . .     Faith    .     (shield unavailable)
rPois  .         Spirit   .     (helmet unavailable)
rElec  .         Reflect  .     (cloak unavailable)
rCorr  .         Harm     .     (gloves unavailable)
MR     +....     NoTele   +     (boots unavailable)
Stlth  ++++++....               (no amulet)
                                m - +3 ring of dexterity
                                n - +3 ring of strength

@: quick
A: no armour, no weapons or thrown items, stealth, claws 1, fangs 3, see
invisible, carnivore 3, speed 1, shaggy fur 2, slow metabolism 1, sharp paws
a: Triple Draw, Deal Four, Renounce Religion


You were in the Dungeon.
You worshipped Nemelex Xobeh.
Nemelex Xobeh was greatly pleased with you.
You were not hungry.

You visited 1 branch You collected 34 gold pieces.

Inventory:

Jewellery
 m - a +3 ring of dexterity (right paw)
 n - a +3 ring of strength (left paw)
Wands
 l - a wand of acid (5/15)
Scrolls
 h - 2 scrolls of blinking
 j - 4 scrolls of remove curse
 k - 2 scrolls of amnesia
 r - a scroll of fear
 s - a scroll of identify
Potions
 a - a potion of might
 c - 5 potions of curing
 d - 5 potions of heal wounds
 e - a potion of haste
 f - 4 potions of magic
 i - a potion of invisibility
 p - a potion of berserk rage
 q - 2 potions of brilliance
Miscellaneous
 g - a plain deck of summoning {drawn: 3}
 o - a plain deck of escape
 t - a plain deck of escape
 u - a plain deck of summoning
 v - a plain deck of summoning {drawn: 5}
 w - a plain deck of destruction
Comestibles
 b - 13 meat rations


   Skills:
 + Level 8.8 Fighting
 + Level 14.2 Dodging
 + Level 11.9 Stealth
 + Level 18.9 Unarmed Combat
 + Level 3.2 Invocations
 + Level 2.4 Evocations


You had 8 spell levels left.
You didn't know any spells.

Dungeon Overview and Level Annotations

Branches:
Dungeon (1/1)

Altars:
Cheibriados
Dithmenos
Elyvilon
Fedhas
Gozag
Hepliaklqana
Kikubaaqudgha
Makhleb
Nemelex Xobeh
Okawaru
Qazlal
Ru
Sif Muna
Trog
Uskayaw
Vehumet
Xom
Yredelemnul
Zin
The Shining One
Beogh
Jiyva
Lugonu

Annotations:
D Harold, Sonja


Innate Abilities, Weirdness & Mutations

You cannot wear armour.
You are incapable of wielding weapons or throwing items.
Your paws allow you to move quietly. (Stealth)
You have sharp claws.
You have razor-sharp teeth.
You have supernaturally acute eyesight. (SInv)
You are carnivorous and can eat meat at any time.
You cover ground quickly.
You are covered in thick fur. (AC +2)
You have a slow metabolism.
Your sharp claws are effective at attacking unaware monsters.


Message History

Harold throws a throwing net.
The throwing net closely misses you.
Sonja, the Graceful Assassin comes into view.
She is wielding a short sword of distortion.
Harold gestures at you while chanting. The bolt of fire hits you!
You see here a throwing net.
Harold throws a throwing net.
The throwing net hits you.
You become entangled in the net!
Things that are here:
a throwing net; a plain deck of destruction You struggle against the net.
You tear a large gash into the net.
Harold gestures at you while chanting. The bolt of fire hits you!
You struggle against the net.
You rip the net and break free!
Harold points at you and mumbles some strange words.
The bolt of fire hits you!
Ouch! That really hurt!
You die...
Your body glows slightly and disappears.

.†..............)................
▓▓▓▓▓▓▓▓▓▓▓▓▓▓▓▓▓▓▓▓▓▓▓▓▓▓▓▓▓▓▓▓▓
...'...†.(|).†??.'.........'†††..
▓▓▓▓▓▓▓▓▓▓▓▓▓▓▓▓▓▓▓▓▓▓▓▓▓▓▓▓▓▓▓▓▓
................Y†..§§...........
▓▓▓▓▓▓▓▓▓▓▓▓▓▓▓▓▓▓▓▓▓▓▓▓▓▓▓▓▓▓▓▓▓
......YYY+
▓▓▓▓▓▓▓▓▓▓▓▓▓▓▓▓▓▓▓▓▓▓▓▓
.K.....@.(}.@.......
▓▓▓▓▓▓▓▓▓▓▓▓▓▓▓▓▓▓▓▓


You could see Harold.

Vanquished Creatures
  4 death yaks (D)
  A black mamba (D)
  Maurice (D)
  Joseph (D)
  A spiny frog (D)
  3 komodo dragons (D)
  A rime drake (D)
  A troll (D)
  A hippogriff (D)
  A vampire (D)
  A yak (D)
  A water moccasin (D)
  2 orc warriors (D)
  2 porcupines (D)
  A wolf (D)
  5 crocodiles (D)
  2 bullfrogs (D)
  A killer bee (D)
  A wight (D)
  A crimson imp (D)
  An orc wizard (D)
  3 adders (D)
  An adder skeleton (D)
  A leopard gecko (D)
  2 orcs (D)
  2 goblins (D)
  A hobgoblin (D)
  A jackal (D)
  A bat (D)
  A jackal zombie (D)
  A rat (D)
47 creatures vanquished.

Vanquished Creatures (collateral kills)
  2 death yaks (D)
2 creatures vanquished.

Grand Total: 49 creatures vanquished

Notes
Turn   | Place    | Note
-------+----------+-------------------------------------------
     0 | D        | equalderp2856 the Felid Fighter began the quest for the Orb.
     0 | D        | Reached XP level 1. HP: 10/10 MP: 2/2
   105 | D        | Noticed a crimson imp
   120 | D        | Killed a crimson imp
   120 | D        | Reached skill level 5 in Dodging
   120 | D        | Reached skill level 1 in Stealth
   120 | D        | Reached skill level 6 in Unarmed Combat
   120 | D        | Reached XP level 2. HP: 12/15 MP: 3/3
   120 | D        | Reached XP level 3. HP: 15/18 MP: 4/4
   139 | D        | Reached skill level 7 in Unarmed Combat
   408 | D        | Found a roughly hewn altar of Beogh.
   408 | D        | Found a snail-covered altar of Cheibriados.
   408 | D        | Found a shadowy altar of Dithmenos.
   408 | D        | Found a white marble altar of Elyvilon.
   408 | D        | Found a blossoming altar of Fedhas.
   408 | D        | Found an opulent altar of Gozag.
   409 | D        | Found a hazy altar of Hepliaklqana.
   410 | D        | Found a viscous altar of Jiyva.
   411 | D        | Found an ancient bone altar of Kikubaaqudgha.
   412 | D        | Found a corrupted altar of Lugonu.
   413 | D        | Found a burning altar of Makhleb.
   414 | D        | Found a sparkling altar of Nemelex Xobeh.
   415 | D        | Found an iron altar of Okawaru.
   416 | D        | Found a stormy altar of Qazlal.
   417 | D        | Found a sacrificial altar of Ru.
   418 | D        | Found a deep blue altar of Sif Muna.
   419 | D        | Found a bloodstained altar of Trog.
   420 | D        | Found a hide-covered altar of Uskayaw.
   421 | D        | Found a radiant altar of Vehumet.
   422 | D        | Found a shimmering altar of Xom.
   423 | D        | Found a basalt altar of Yredelemnul.
   424 | D        | Found a glowing silver altar of Zin.
   425 | D        | Found a glowing golden altar of the Shining One.
   436 | D        | Became a worshipper of Nemelex Xobeh the Trickster
   523 | D        | Noticed an orc warrior
   523 | D        | Noticed a troll
   523 | D        | Noticed an orc warrior
   526 | D        | Reached XP level 4. HP: 22/22 MP: 5/5
   546 | D        | Reached skill level 8 in Unarmed Combat
   557 | D        | Killed an orc warrior
   557 | D        | Reached skill level 5 in Fighting
   557 | D        | Reached skill level 9 in Unarmed Combat
   557 | D        | Reached XP level 5. HP: 26/26 MP: 6/6
   560 | D        | Killed a troll
   560 | D        | Reached skill level 11 in Unarmed Combat
   560 | D        | Gained mutation: You are covered in thick fur. (AC +2) [Felid growth]
   560 | D        | Reached XP level 6. HP: 31/31 MP: 7/7
   562 | D        | Killed an orc warrior
   562 | D        | Reached skill level 12 in Unarmed Combat
   562 | D        | Reached XP level 7. HP: 35/35 MP: 8/8
   698 | D        | Noticed a vampire
   991 | D        | Killed a vampire
   991 | D        | Reached skill level 10 in Dodging
   991 | D        | Reached skill level 5 in Stealth
  1066 | D        | Reached skill level 13 in Unarmed Combat
  1133 | D        | Received a gift from Nemelex Xobeh
  1150 | D        | Reached * piety under Nemelex Xobeh
  1187 | D        | Noticed Joseph
  1190 | D        | Received a gift from Nemelex Xobeh
  1194 | D        | Killed Joseph
  1194 | D        | Reached XP level 8. HP: 40/40 MP: 9/9
  1231 | D        | Reached ** piety under Nemelex Xobeh
  1254 | D        | Noticed a hippogriff
  1254 | D        | Noticed a komodo dragon
  1254 | D        | Noticed a komodo dragon
  1263 | D        | Killed a hippogriff
  1263 | D        | Reached skill level 14 in Unarmed Combat
  1272 | D        | Mangled by a komodo dragon
  1273 | D        | Reached XP level 7. HP: -7/36 MP: 8/8
  1273 | D        | Received a gift from Nemelex Xobeh
  1310 | D        | Received a gift from Nemelex Xobeh
  1327 | D        | Reached *** piety under Nemelex Xobeh
  1333 | D        | Received a gift from Nemelex Xobeh
  1334 | D        | Noticed Maurice
  1344 | D        | Killed Maurice
  1344 | D        | Reached skill level 1 in Evocations
  1344 | D        | Reached XP level 8. HP: 40/40 MP: 9/9
  1373 | D        | Noticed a death yak
  1374 | D        | Noticed a death yak
  1375 | D        | Noticed a death yak
  1376 | D        | Noticed a death yak
  1377 | D        | Noticed a death yak
  1397 | D        | Noticed a death yak
  1403 | D        | Killed a death yak
  1403 | D        | Reached skill level 15 in Unarmed Combat
  1660 | D        | Killed a death yak
  1660 | D        | Reached skill level 16 in Unarmed Combat
  1662 | D        | Noticed a catoblepas
  1665 | D        | Killed a death yak
  1665 | D        | Reached skill level 1 in Invocations
  1665 | D        | Reached XP level 9. HP: 45/45 MP: 9/11
  1677 | D        | Killed a death yak
  1686 | D        | Killed a death yak
  1686 | D        | Reached skill level 17 in Unarmed Combat
  1879 | D        | Mangled by a catoblepas
  1880 | D        | Reached XP level 8. HP: -12/41 MP: 10/10
  1952 | D        | Killed a komodo dragon
  2022 | D        | Killed a komodo dragon
  2022 | D        | Reached XP level 9. HP: 37/45 MP: 11/11
  2024 | D        | Reached skill level 10 in Stealth
  2037 | D        | Received a gift from Nemelex Xobeh
  2051 | D        | Noticed a black mamba
  2051 | D        | Noticed a komodo dragon
  2051 | D        | Noticed a spiny frog
  2053 | D        | Reached skill level 18 in Unarmed Combat
  2060 | D        | Noticed a rime drake
  2061 | D        | Killed a black mamba
  2065 | D        | Killed a komodo dragon
  2069 | D        | Killed a spiny frog
  2082 | D        | Killed a rime drake
  2082 | D        | Reached XP level 10. HP: 30/49 MP: 11/13
  2429 | D        | Killed a death yak
  2632 | D        | Slain by a catoblepas
  2633 | D        | Reached XP level 9. HP: -5/45 MP: 12/12
  2633 | D        | Reached **** piety under Nemelex Xobeh
  2633 | D        | Received a gift from Nemelex Xobeh
  2633 | D        | Noticed Harold
  2635 | D        | Noticed Sonja
  2644 | D        | Killed from afar by Harold

Skill      XL: |  1  2  3  4  5  6  7  8  9 10 |
---------------+-------------------------------+-----
Fighting       | 4 5 6 7 8 |  8.8
Dodging        | 5 6 7 9 11 12 14 | 14.2
Stealth        | 1 3 4 7 8 11 | 11.9
Unarmed Combat | 6 7 9 11 12 13 16 18 | 18.9
Evocations     | 1 2 |  2.4
Invocations    | 2 3 |  3.2

Action                   |  1- 3 |  4- 6 |  7- 9 | 10-12 || total
-------------------------+-------+-------+-------+-------++-------
Melee: Unarmed           |    46 |    20 |   107 |     7 ||   180
       Bite              |     1 |     3 |    14 |       ||    18
       Punch             |       |       |     9 |       ||     9
Evoke: Wand              |       |       |     2 |       ||     2
       Deck              |       |       |     5 |     3 ||     8
  Use: Potion            |       |     2 |       |       ||     2
 Stab: Sleeping          |     1 |       |     4 |       ||     5
       Distracted        |       |       |     1 |       ||     1
       Petrifying        |       |       |       |     1 ||     1
Armor: Skin              |     2 |       |       |       ||     2
Dodge: Dodged            |    41 |    17 |    69 |     3 ||   130
